AoeStats
← MeantOrca552267

Black Forest

503166111Analyzed
2v2 RM · 3mo ago on Aug 30, 2026· 45m 29s· 4 players
Game mode
Random Map
Map size
Medium (4 player)
Population
200
Speed
Normal
Resources
Standard
Victory
Conquest
Starting age
Dark Age
Ending age
Imperial Age
RankedLock teamsTeams togetherTeam positionsShared explorationLock speedFull tech treeHidden civsTurbo modeCheats
Victory
Defeat
🇭🇰 Portuguese · Hong Kong SAR China
456
+18
456
+18
vs
🇺🇸 Vietnamese · United States
519
-19
🇨🇳 Magyars · China
492
-18
csfanfan
1:07 Loom
18:11 Feudal Age
27:35 Horse Collar
27:43 Double-Bit Axe
31:30 Arson
38:54 Man-at-Arms
44:28 Castle Age
44:08 Padded Archer Armor
44:09 Scale Mail Armor
44:15 Scale Barding Armor
44:35 Fletching
MeantOrca552267
2:39 Loom
14:24 Feudal Age
15:24 Double-Bit Axe
15:20 Man-at-Arms
15:55 Horse Collar
18:24 Wheelbarrow
桃花石·奈斯儿汗
0:29 Loom
12:07 Feudal Age
14:21 Forging
14:11 Scale Mail Armor
14:19 Man-at-Arms
14:44 Arson
18:23 Horse Collar
18:29 Double-Bit Axe
18:37 Town Watch
20:06 Wheelbarrow
21:05 Gold Mining
25:18 Castle Age
24:00 Stone Mining
24:20 Fishing Lines
25:52 Long Swordsman
26:17 Gambesons
26:50 Chain Mail Armor
27:25 Hand Cart
27:28 Bow Saw
27:51 Fletching
29:47 Gillnets
30:25 Town Patrol
31:19 Coinage
30:49 Caravan
31:20 Fervor
32:20 Stone Shaft Mining
35:28 Medium Warships
36:04 Iron Casting
35:24 Bodkin Arrow
36:04 Iron Casting
35:30 Padded Archer Armor
35:46 Heavy Plow
39:14 Imperial Age
37:05 Scale Barding Armor
37:22 Ballistics
37:13 Masonry
37:23 Ballistics
37:13 Masonry
37:14 Fortified Wall
37:40 Sanctity
37:58 Redemption
37:48 Devotion
37:44 Herbal Medicine
37:50 Atonement
38:42 Heresy
39:41 Treadmill Crane
41:02 Chemistry
40:12 Masonry
39:58 Murder Holes
40:08 Siege Engineers
39:54 Heated Shot
39:54 Guard Tower
39:29 Two-Handed Swordsman
39:29 Pikeman
41:42 Banking
41:23 Guilds
41:27 Siphons
42:27 Two-Man Saw
41:57 Crop Rotation
43:01 Blast Furnace
42:31 Plate Mail Armor
44:09 Architecture
44:00 Bombard Tower
43:50 Clinker Construction
43:51 Careening
44:04 Chain Barding Armor
43:59 Leather Archer Armor
43:45 Bracer
45:47 Plate Barding Armor
44:33 Champion
44:33 Halberdier
45:41 Heavy Warships
44:37 Elite Caravel
泰坦3号E半人马座火箭
1:05 Loom
13:25 Feudal Age
14:02 Town Watch
17:59 Double-Bit Axe
18:00 Horse Collar
20:02 Gold Mining
20:07 Stone Mining
26:13 Castle Age
26:23 Fletching
26:38 Padded Archer Armor
27:54 Wheelbarrow
28:07 Stone Shaft Mining
27:35 Heavy Plow
31:48 Bow Saw
36:28 Imperial Age
34:02 Bodkin Arrow
34:23 Leather Archer Armor
37:38 Conscription
36:41 Elite Conquistador
39:59 Ballistics
39:38 Guard Tower
39:51 Bracer
40:22 Ring Archer Armor
45:10 Two-Man Saw
Connection lost

Rejoining the realm…

Still unreachable

The connection could not be restored.

Session expired

The server has moved on; the page needs a fresh start.